 Dungeon Crawl Stone Soup version 0.30.0-10-gfe55d96785 (console) character file.

Game seed: 6741623947464349118

442242 Mandevil the Conqueror (level 23, -2/240 HPs)
             Began as a Minotaur Berserker on May 16, 2023.
             Was a High Priest of Trog.
             Slain by a caustic shrike (17 damage)
             ... on level 2 of the Depths.
             The game lasted 01:59:05 (53965 turns).

Mandevil the Conqueror (Minotaur Berserker)        Turns: 53965, Time: 01:59:06

Health: -2/240     AC: 29    Str: 30    XL:     23   Next: 4%
Magic:  0/22       EV: 13    Int:  4    God:    Trog [*****.]
Gold:   150        SH:  0    Dex: 13    Spells: 22/22 levels left

rFire   + . .        b - +3 battleaxe (vamp)
rCold   + . .        (shield currently unavailable)
rNeg    . . .        l - +7 gold dragon scales
rPois   +            (helmet restricted)
rElec   .            B - +2 cloak
rCorr   +            i - +2 pair of gloves
SInv    .            D - +2 pair of boots
Will    +....        H - amulet of guardian spirit Stlth
                     c - ring of resist corrosion
HPRegen 0.60/turn    g - +4 ring of protection
MPRegen 0.18/turn

%: guardian spirit
@: corroded, studying 2 skills
A: horns 2, retaliatory headbutt
}: 2/15 runes: decaying, serpentine
a: Renounce Religion, Berserk, Trog's Hand, Brothers in Arms


You were on level 2 of the Depths.
You worshipped Trog.
Trog was extremely pleased with you.
You visited 8 branches of the dungeon, and saw 39 of its levels.
You visited the Abyss 1 time.
You visited 2 bazaars.

You collected 4967 gold pieces.
You spent 4817 gold pieces at shops.

Inventory:

Hand Weapons
 a - a +7 antimagic executioner's axe
 b - a +3 vampiric battleaxe (weapon)
 s - a +2 executioner's axe of draining
 x - the +4 battleaxe of Untimely Demise {flame, *Corrode rF+ rN+}
   (Trog gifted it to you on level 2 of the Orcish Mines)

   rF:        It protects you from fire.
   rN:        It protects you from negative energy.
   *Corrode:  It may corrode you when you take damage.
 T - a +1 heavy executioner's axe
Missiles
 n - 3 silver boomerangs (quivered)
 A - 21 boomerangs
 I - 16 curare-tipped darts
 W - 5 javelins
Armour
 i - a +2 pair of gloves (worn)
 l - +7 gold dragon scales (worn)
 B - a +2 cloak (worn)
 D - a +2 pair of boots (worn)
Jewellery
 c - a ring of resist corrosion (left hand)
 g - a +4 ring of protection (right hand)
 j - a +6 ring of dexterity
 r - a ring of see invisible
 w - a ring of poison resistance
 H - an amulet of guardian spirit (around neck)
 R - a ring of flight
 X - a ring of protection from cold
Wands
 o - a wand of flame (34)
 q - a wand of polymorph (6)
 K - a wand of iceblast (2)
Scrolls
 d - 19 scrolls of teleportation
 f - 5 scrolls of blinking
 m - 7 scrolls of fear
 t - 5 scrolls of fog
 y - 4 scrolls of immolation
 O - 2 scrolls of butterflies
 Q - 3 scrolls of poison
 U - 3 scrolls of magic mapping
 V - 2 scrolls of silence
 Y - a scroll of brand weapon
Potions
 e - 6 potions of ambrosia
 h - 11 potions of haste
 k - 16 potions of curing
 p - 6 potions of flight
 u - 10 potions of attraction
 z - 11 potions of heal wounds
 C - 9 potions of might
 F - 6 potions of lignification
 G - 2 potions of resistance
 J - 7 potions of cancellation
 L - a potion of invisibility
Miscellaneous
 E - a lightning rod (4/4)
 S - a tin of tremorstones (2/2)
 Z - a box of beasts


   Skills:
 O Level 27 Fighting
 - Level 24.0 Axes
 + Level 19.2 Armour
 + Level 17.2 Dodging
 + Level 17.9 Evocations


You had 22 spell levels left.
You didn't know any spells.
Your spell library contained the following spells:

 Spells                   Type           Power      Damage    Failure   Level
 Petrify                  Tmut/Erth      0%         N/A       100%        4
 Metabolic Englaciation   Hex/Ice        0%         N/A       100%        5
 Statue Form              Tmut/Erth      0%         N/A       100%        6


Dungeon Overview and Level Annotations

Branches:
Dungeon (15/15)            Temple (0/1) D:5            Lair (5/5) D:9
  Swamp (4/4) Lair:2        Snake (4/4) Lair:2        Slime (0/5) Lair:4
    Orc (2/2) D:10            Elf (0/3) Orc:2        Vaults (4/5) D:13
  Crypt (3/3) Vaults:3       Tomb (0/3) Crypt:3      Depths (2/4) D:15

Altars:
Gozag
Makhleb
Okawaru
Qazlal
Ru
Trog
Uskayaw
Vehumet
Wu Jian
Xom
Yredelemnul
Zin
Jiyva
Lugonu

Shops:
D:5 !   D:12 !   Orc:1 ((   Orc:2 ([*(   Snake:1 !   Vaults:1 [   Depths:2 :=

Portals:
Hell: Depths:1 Depths:2
Abyss: Lair:5
Pandemonium: Depths:2

Annotations:
Swamp:4 1 runed translucent door, Gabide's ghost, adept DgDe
Snake:1 2 transporters, Cyerinn's ghost, adept TrBe


Innate Abilities, Weirdness & Mutations

You have a pair of horns on your head.
You reflexively headbutt those who attack you in melee.


Message History

You headbutt the caustic shrike, but do no damage.
The caustic shrike claws you.
* * * LOW HITPOINT WARNING * * *
You are splashed with acid.
You resist.
* * * LOW HITPOINT WARNING * * *
Your iron troll bites the caustic shrike!!
Your iron troll claws the caustic shrike.
Your iron troll barely misses the caustic shrike.
You hear a loud rustle. x2
You slice the caustic shrike!!
The caustic shrike is severely wounded.
The caustic shrike barely misses you.
You slash the caustic shrike!
You feel better.
Your headbutt misses the caustic shrike.
The caustic shrike is almost dead.
A caustic shrike comes into view.
Your iron troll closely misses the caustic shrike.
Your iron troll claws the caustic shrike!!
The caustic shrike dies!
Trog accepts your kill.
The caustic shrike claws you but does no damage.
You slash the caustic shrike!
You feel better.
The caustic shrike is lightly wounded.
Your iron troll misses the caustic shrike.
Your iron troll claws the caustic shrike!
Your iron troll misses the caustic shrike.
The caustic shrike claws you but does no damage.
You closely miss the caustic shrike.
The caustic shrike is moderately wounded.
The caustic shrike claws you!!
* * * LOW HITPOINT WARNING * * *
The acid corrodes you!
You are splashed with acid.
You resist.
* * * LOW HITPOINT WARNING * * *
Your iron troll bites the caustic shrike!
Your iron troll closely misses the caustic shrike.
Your iron troll misses the caustic shrike.
You closely miss the caustic shrike.
The caustic shrike is moderately wounded.
The caustic shrike claws you!!
You die...

###... #..##..#
'...#'##'#..# ....
# #..####...# ...#
.. ##........##
.C.# #. #.........#
C.# .. #.....#####
''# ## #....#'###
#..##
#.~~.##.[#####CR.R#
#.~#)##..##H#%#
#.~/)#'##'#)b##
#.~...####.T..#
#.~.........###
#.......#####
###########..#
...00.# ##...
~~~~0.# ####
~###0.#


You could see a caustic shrike (ally target) and a friendly iron troll
(summoned, berserk).

Vanquished Creatures
  A dread lich (Crypt:3)
  Mara (Vaults:2)
  A juggernaut (Depths:2)
  Frederick (Vaults:2)
  Vv (Depths:1)
  Xtahua (Vaults:3)
  Saint Roka (Vaults:1)
  2 caustic shrikes (Depths:2)
  2 bone dragons (Crypt:3)
  7 liches
  Mlioglotl (Swamp:4)
  Asterion (Depths:1)
  An Executioner (Abyss:3)
  2 tentacled starspawn (Abyss:3)
  4 ancient champions (Crypt:3)
  A sphinx (Vaults:2)
  A thorn hunter (Swamp:4)
  A storm dragon (Depths:2)
  Donald (Snake:1)
  Roxanne (Swamp:3)
  5 revenants
  9 nagarajas
  A fenstrider witch (Swamp:3)
  A fire giant (Depths:2)
  4 frost giants
  A deep elf sorcerer (Vaults:1)
  A spectral juggernaut (Crypt:2)
  A spectral caustic shrike (Crypt:2)
  13 vault wardens
  A juggernaut zombie (Depths:1)
  42 slime creatures
  4 curse skulls
  A reaper (Crypt:2)
  3 ghouls
  16 ironbound preservers
  3 caustic shrike skeletons
  9 very ugly things
  2 orc warlords
  3 stone giants
  A juggernaut skeleton (Crypt:3)
  4 vampire knights
  5 ironbound thunderhulks
  3 eleionomae
  Azrael (Snake:1)
  A lorocyproca (Abyss:3)
  22 dire elephants
  4 spark wasps (Depths:2)
  5 bunyips
  6 eidola
  5 deep elf death magi
  3 ettins
  A blizzard demon (Depths:1)
  2 quicksilver dragon zombies
  A spectral quicksilver dragon (Crypt:2)
  Josephine (Swamp:1)
  7 yaktaur captains
  8 jiangshi
  3 fire dragons
  3 rakshasas
  5 great orbs of eyes
  2 ice dragons
  5 vault guards
  An ogre mage (D:13)
  A peacekeeper (Vaults:3)
  A catoblepas (D:13)
  18 hydras
  2 salamander tyrants (Snake:4)
  2 ghost crabs
  16 centaur warriors
  5 hell beasts
  13 anacondas
  3 boulder beetles
  11 ironbound frosthearts
  6 death knights
  6 two-headed ogres
  An Orb Guardian skeleton (Crypt:2)
  2 spriggan skeletons (Crypt:3)
  3 tengu warriors
  14 naga warriors
  A deep troll earth mage (Depths:2)
  6 orc high priests
  7 naga sharpshooters
  13 alligators
  13 vampire magi
  3 deep troll shamans
  5 thrashing horrors
  2 spriggan berserkers (Swamp:2)
  A spectral storm dragon (Crypt:2)
  A shock serpent (Snake:3)
  A hell knight (Depths:2)
  6 shadow wraiths
  2 wretched stars (Abyss:3)
  3 skysharks
  4 soul eaters
  3 iron trolls
  A storm dragon skeleton (Crypt:3)
  A titan skeleton (Crypt:3)
  2 salamander mystics
  50 deep trolls
  3 sea snakes (Snake:2)
  A sixfirhy (Abyss:3)
  A spatial maelstrom (Abyss:3)
  9 goliath frogs
  4 flayed ghosts
  48 skeletal warriors
  2 spectral anacondas (Crypt:2)
  5 naga ritualists
  8 swamp dragons (Swamp:4)
  3 spriggan druids
  2 death drakes
  A golden dragon skeleton (Depths:2)
  10 bog bodies
  3 anaconda skeletons (Crypt:3)
  8 phantasmal warriors
  9 ironbound convokers
  A fenstrider witch simulacrum (Crypt:2)
  15 orc knights
  6 necromancers
  6 lindwurms
  6 wizards
  3 deep elf pyromancers
  6 manticores
  2 will-o-the-wisps (Swamp:1)
  4 large abominations (Abyss:3)
  6 orc sorcerers
  42 ugly things
  A moth of wrath (shapeshifter) (Depths:1)
  2 sphinx skeletons
  6 cyclopes
  8 mana vipers
  5 salamanders
  A spectral centaur (Crypt:2)
  7 elephants (Lair:5)
  13 vault sentinels
  A worldbinder (Abyss:3)
  An apocalypse crab (Abyss:3)
  A spectral alligator snapping turtle (Crypt:2)
  3 stone giant skeletons
  2 guardian serpents
  11 cane toads
  An ice statue (Lair:4)
  A frost giant skeleton (Vaults:1)
  36 black mambas
  9 naga magi
  4 centaur skeletons
  A shock serpent skeleton (Crypt:1)
  A smoke demon (Lair:5)
  An orange demon (Abyss:3)
  4 gargoyles
  A kobold demonologist (D:11)
  A red draconian zombie (Crypt:1)
  2 dire elephant skeletons (Crypt:3)
  A swamp worm zombie (Crypt:2)
  An unseen horror (D:11)
  Maggie (D:9)
  19 yaktaurs
  5 rime drakes
  A yaktaur zombie (Vaults:1)
  3 ancient zymes
  A tengu conjurer (Depths:1)
  3 ice devils (Lair:4)
  5 freezing wraiths
  A death yak skeleton (Crypt:2)
  A spark wasp simulacrum (Depths:2)
  5 komodo dragons
  3 spriggan zombies
  9 trolls
  An unseen horror skeleton (Crypt:3)
  A yaktaur skeleton (Vaults:1)
  2 polar bears (Lair:4)
  A meliai (shapeshifter) (Lair:5)
  6 hornets
  A bloated husk (Swamp:2)
  7 tyrant leeches
  A tengu simulacrum (Vaults:1)
  5 harpy skeletons (Crypt:3)
  29 blink frogs
  2 raiju (shapeshifter)
  A hydra skeleton (Crypt:3)
  A stone giant simulacrum (Depths:1)
  A centaur simulacrum (Crypt:2)
  11 flying skulls
  5 shadows
  A culicivora (shapeshifter) (Abyss:3)
  A vampire (D:9)
  9 wraiths
  2 wyverns
  9 spriggans
  3 ynoxinuls
  55 yaks
  7 basilisks
  5 fire elementals (Snake:1)
  4 steam dragons
  A death yak simulacrum (Lair:4)
  22 vampire mosquitoes
  3 chaos spawn
  A neqoxec (Abyss:3)
  Menkaure (D:7)
  3 harpy simulacra
  48 nagas
  4 wargs
  14 swamp worms
  A spatial vortex (Abyss:3)
  An acid dragon (D:11)
  12 water moccasins
  A faun skeleton (Crypt:2)
  15 small abominations
  A fire bat skeleton (Crypt:3)
  A glowing shapeshifter skeleton (Depths:2)
  2 hell hounds (Snake:1)
  6 swamp drakes
  2 sky beasts
  A snapping turtle zombie (Crypt:3)
  32 orc warriors
  2 ogres
  A black bear (shapeshifter) (D:15)
  3 boggarts (Vaults:1)
  11 wolves
  18 centaurs
  A lindwurm skeleton (Crypt:2)
  A phantom (D:5)
  A vine stalker zombie (Crypt:2)
  A human zombie (Vaults:1)
  2 kobold brigands
  5 necrophages
  2 gnoll sergeants
  A scorpion (D:9)
  12 bullfrogs
  2 entropy weaver simulacra (Lair:4)
  2 two-headed ogre simulacra (Lair:4)
  2 wights (D:7)
  A queen bee zombie (Crypt:3)
  An elephant simulacrum (Lair:4)
  9 killer bees
  A raiju skeleton (Crypt:1)
  6 electric eels
  2 oklob saplings (D:9)
  3 howler monkeys
  A wolf zombie (Crypt:3)
  A crimson imp (D:9)
  2 jellies
  A wolf skeleton (Crypt:1)
  A basilisk zombie (Crypt:1)
  10 hounds
  An iron imp (Abyss:3)
  22 orc priests
  A gnoll bouda (D:8)
  A sleepcap (D:5)
  Jessica (D:3)
  3 iguanas
  21 orc wizards
  A scorpion zombie (Crypt:3)
  2 naga skeletons
  Robin (D:2)
  11 gnolls
  14 adders
  2 naga simulacra
  A shadow imp (Abyss:3)
  A steam dragon skeleton (Crypt:3)
  4 white imps
  3 ufetubi
  2 adder skeletons
  2 worms
  A dart slug (D:5)
  65 orcs
  12 ball pythons
  13 endoplasms
  3 giant cockroaches
  18 goblins
  24 hobgoblins
  9 jackals
  21 kobolds
  5 quokkas
  7 bats
  2 frilled lizards
  A frilled lizard skeleton (Crypt:2)
  6 rats
  A spectral weapon (Depths:1)
  3 starspawn tentacles (Abyss:3)
1611 creatures vanquished.

Vanquished Creatures (collateral kills)
  A caustic shrike (Depths:2)
  A titan (Depths:2)
  A vault warden (Vaults:2)
  Louise (Swamp:1)
  2 ironbound preservers
  An orc warlord (Vaults:2)
  A yaktaur captain (Vaults:3)
  2 vault guards (Vaults:2)
  A hell beast (Crypt:2)
  2 centaur warriors (Vaults:2)
  An ironbound frostheart (Vaults:2)
  2 skeletal warriors (Crypt:3)
  A flayed ghost (Crypt:2)
  A goliath frog (Swamp:1)
  A swamp dragon (Swamp:1)
  An ironbound convoker (Vaults:2)
  An orc knight (Vaults:2)
  3 lindwurms (Vaults:2)
  A black mamba (Snake:4)
  A storm dragon simulacrum (Crypt:2)
  A naga mage (Snake:4)
  A yaktaur (Vaults:2)
  A freezing wraith (Crypt:2)
  A black draconian skeleton (Crypt:2)
  A flying skull (Crypt:2)
  A naga (Snake:4)
  An orc warrior (Orc:2)
  3 orcs (Orc:2)
36 creatures vanquished.

Vanquished Creatures (others)
  A wizard (Vaults:1)
  An ugly thing (Depths:2)
  A hornet (D:7)
  A naga (Snake:1)
  An ogre (D:7)
  A wight (D:7)
  A killer bee (D:7)
  12 foxfires (Swamp:1)
  4 starspawn tentacles (Abyss:3)
23 creatures vanquished.

Grand Total: 1670 creatures vanquished

Notes
Turn   | Place    | Note
-------+----------+-------------------------------------------
     0 | D:1      | Mandevil the Minotaur Berserker began the quest for the
                  | Orb.
     0 | D:1      | Reached XP level 1. HP: 19/19 MP: 0/0
   132 | D:1      | Reached skill level 4 in Fighting
   132 | D:1      | Reached XP level 2. HP: 27/27 MP: 1/1
   296 | D:1      | Reached ** piety under Trog
   343 | D:1      | Reached XP level 3. HP: 34/34 MP: 2/2
   813 | D:2      | Identified the +2 helmet of Cowardice {Str-4 Dex+8 Stlth+}
   813 | D:2      | Noticed Robin
   821 | D:2      | Killed Robin
   823 | D:2      | Reached XP level 4. HP: 27/41 MP: 3/3
   827 | D:2      | Reached skill level 5 in Axes
   962 | D:2      | Reached skill level 5 in Fighting
  1192 | D:2      | Reached *** piety under Trog
  1529 | D:3      | Reached XP level 5. HP: 43/48 MP: 4/4
  1856 | D:3      | Noticed Jessica
  1859 | D:3      | Killed Jessica
  2037 | D:4      | Reached skill level 6 in Fighting
  2204 | D:4      | Found a hide-covered altar of Uskayaw.
  2492 | D:4      | Reached XP level 6. HP: 48/57 MP: 5/5
  3013 | D:5      | Entered Level 5 of the Dungeon
  3348 | D:5      | Reached skill level 7 in Fighting
  3462 | D:5      | Reached XP level 7. HP: 66/66 MP: 6/6
  3482 | D:5      | Found Xusuh's Distillery.
  3491 | D:5      | Bought a potion of might for 48 gold pieces
  3501 | D:5      | Found a staircase to the Ecumenical Temple.
  3505 | D:5      | Reached **** piety under Trog
  4028 | D:6      | Reached skill level 8 in Fighting
  4484 | D:7      | Found a glowing silver altar of Zin.
  4710 | D:7      | Noticed a steam dragon
  4710 | D:7      | Noticed a troll
  4716 | D:7      | Noticed a hornet
  4723 | D:7      | Reached XP level 8. HP: 57/77 MP: 7/7
  4725 | D:7      | Reached skill level 9 in Fighting
  4731 | D:7      | Killed a hornet
  4734 | D:7      | Killed a troll
  4739 | D:7      | Reached skill level 10 in Fighting
  4739 | D:7      | Reached skill level 10 in Axes
  4750 | D:7      | Reached XP level 9. HP: 49/86 MP: 8/8
  4955 | D:7      | Reached skill level 11 in Fighting
  5390 | D:7      | Found an opulent altar of Gozag.
  5390 | D:7      | Noticed Menkaure
  5392 | D:7      | Killed Menkaure
  5762 | D:8      | Noticed a two-headed ogre
  5774 | D:8      | Killed a two-headed ogre
  5775 | D:8      | Reached skill level 12 in Fighting
  6084 | D:8      | Reached XP level 10. HP: 83/100 MP: 9/9
  6942 | D:9      | Identified the +9 dagger of Accidental Termination {drain,
                  | MP+9 Dex+2 Stlth+}
  6952 | D:9      | Reached ***** piety under Trog
  6970 | D:9      | Reached skill level 13 in Fighting
  7310 | D:9      | Found a staircase to the Lair.
  7573 | D:9      | Found a radiant altar of Vehumet.
  7573 | D:9      | Found a burning altar of Makhleb.
  7732 | D:9      | Paralysed by a hornet for 2 turns
  7738 | D:9      | Paralysed by a hornet for 1 turns
  8041 | D:9      | Reached skill level 14 in Fighting
  8152 | D:9      | Found a shimmering altar of Xom.
  8201 | D:9      | Found an ornate altar of the Wu Jian Council.
  8785 | D:9      | Paralysed by a hornet for 1 turns
  9155 | D:9      | Noticed Maggie
  9172 | D:9      | Killed Maggie
  9173 | D:9      | Reached XP level 11. HP: 91/111 MP: 10/10
  9192 | D:9      | Found a sacrificial altar of Ru.
  9196 | D:9      | Received a gift from Trog
  9376 | D:10     | Entered Level 10 of the Dungeon
  9411 | D:10     | Found an iron altar of Okawaru.
  9452 | D:10     | Noticed a two-headed ogre
  9458 | D:10     | Killed a two-headed ogre
  9594 | D:10     | Found a staircase to the Orcish Mines.
  9646 | D:10     | Reached skill level 15 in Fighting
  9646 | D:10     | Reached skill level 15 in Axes
 10342 | D:11     | Found an iron altar of Okawaru.
 11158 | Lair:1   | Entered Level 1 of the Lair of Beasts
 11618 | Lair:1   | Reached skill level 16 in Fighting
 12115 | Lair:2   | Found a staircase to the Swamp.
 12287 | Lair:2   | Reached XP level 12. HP: 95/124 MP: 11/11
 12560 | Lair:2   | Noticed a boulder beetle
 12570 | Lair:2   | Killed a boulder beetle
 12571 | Lair:2   | Reached skill level 17 in Fighting
 12768 | Lair:2   | Noticed a five-headed hydra
 12781 | Lair:2   | Killed a one-headed hydra
 12805 | Lair:2   | Found a staircase to the Snake Pit.
 13585 | Lair:3   | Received a gift from Trog
 14093 | Lair:4   | Reached skill level 18 in Fighting
 14118 | Lair:4   | Noticed an eight-headed hydra
 14133 | Lair:4   | Killed a five-headed hydra
 14223 | Lair:4   | Found a viscous altar of Jiyva.
 14224 | Lair:4   | Found a staircase to the Slime Pits.
 14250 | Lair:4   | Noticed an ice dragon
 14377 | Lair:4   | Reached XP level 13. HP: 81/136 MP: 12/12
 14763 | Lair:4   | Identified the +0 ice dragon scales of Ison {rF- rC++ Will+
                  | Str+5 Dex-3}
 15525 | Lair:5   | Entered Level 5 of the Lair of Beasts
 15541 | Lair:5   | Reached skill level 19 in Fighting
 15767 | Lair:5   | Identified the +6 scale mail of Refuge {rC+ Will+}
 16847 | Lair:5   | Reached skill level 20 in Fighting
 17469 | Lair:5   | Reached XP level 14. HP: 149/149 MP: 13/13
 17583 | Lair:5   | Found a corrupted altar of Lugonu.
 17583 | Lair:5   | Found a one-way gate to the infinite horrors of the Abyss.
 17730 | Lair:5   | Reached skill level 21 in Fighting
 18056 | Orc:1    | Entered Level 1 of the Orcish Mines
 18056 | Orc:1    | You fall into a shaft and drop 1 floor!
 18056 | Orc:2    | Entered Level 2 of the Orcish Mines
 18057 | Orc:2    | Found a staircase to the Elven Halls.
 18222 | Orc:2    | Received a gift from Trog
 18278 | Orc:1    | Found Eful's Weapon Shop.
 18501 | Orc:1    | Found Agaodaop's Antique Weapon Emporium.
 18921 | Orc:2    | Identified the +4 battleaxe of Untimely Demise {flame,
                  | *Corrode rF+ rN+} (Trog gifted it to you on level 2 of the
                  | Orcish Mines)
 18921 | Orc:2    | Received a gift from Trog
 18957 | Orc:2    | Reached skill level 1 in Evocations
 19170 | Orc:2    | Reached ****** piety under Trog
 19587 | Orc:2    | Found Boub's Antique Weapon Boutique.
 19587 | Orc:2    | Found Wecisie's Antique Weapon Emporium.
 19593 | Orc:2    | Reached skill level 5 in Armour
 19635 | Orc:2    | Found Zyochac's Armour Boutique.
 19635 | Orc:2    | Found Wipy's Assorted Antiques.
 19651 | Orc:2    | Bought a potion of heal wounds for 125 gold pieces
 20020 | D:12     | Found Qecuh's Distillery.
 20036 | D:12     | Bought a potion of heal wounds for 65 gold pieces
 20036 | D:12     | Bought a potion of lignification for 39 gold pieces
 20036 | D:12     | Bought a potion of lignification for 39 gold pieces
 20036 | D:12     | Bought a potion of haste for 130 gold pieces
 20036 | D:12     | Bought a potion of heal wounds for 65 gold pieces
 20673 | D:12     | Reached skill level 5 in Evocations
 20931 | D:12     | Received a gift from Trog
 21904 | D:13     | Reached XP level 15. HP: 92/160 MP: 14/14
 22151 | D:13     | Found a gate to the Vaults.
 22447 | D:14     | Reached skill level 5 in Dodging
 22452 | D:14     | Received a gift from Trog
 23074 | D:15     | Entered Level 15 of the Dungeon
 23151 | D:15     | Found a staircase to the Depths.
 24462 | Swamp:1  | Entered Level 1 of the Swamp
 24555 | Swamp:1  | Noticed Louise
 24573 | Swamp:1  | Killed Louise
 24758 | Swamp:1  | Noticed Josephine
 24773 | Swamp:1  | Killed Josephine
 25323 | Swamp:1  | Reached skill level 10 in Evocations
 25574 | Swamp:2  | Reached XP level 16. HP: 151/168 MP: 15/15
 25902 | Swamp:2  | HP: 5/168 [poisoned by a spriggan rider]
 26276 | Swamp:2  | Received a gift from Trog
 27159 | Swamp:3  | Reached skill level 22 in Fighting
 27814 | Swamp:3  | Noticed Roxanne
 27825 | Swamp:3  | Killed Roxanne
 28061 | Swamp:4  | Entered Level 4 of the Swamp
 28063 | Swamp:4  | Noticed Mlioglotl
 28527 | Swamp:4  | Received a gift from Trog
 28725 | Swamp:4  | Killed Mlioglotl
 28732 | Swamp:4  | Reached skill level 23 in Fighting
 29007 | Swamp:4  | Noticed a thorn hunter
 29023 | Swamp:4  | Killed a thorn hunter
 29145 | Swamp:4  | Got a decaying rune of Zot
 29292 | Swamp:4  | Found a runed translucent door.
 29294 | Swamp:4  | Noticed Gabide's ghost (adept DgDe)
 29574 | Snake:1  | Entered Level 1 of the Snake Pit
 29581 | Snake:1  | Noticed Donald
 29592 | Snake:1  | Killed Donald
 29593 | Snake:1  | Reached skill level 24 in Fighting
 29747 | Snake:1  | Reached XP level 17. HP: 177/182 MP: 16/16
 29948 | Snake:1  | Found Nasuz's Distillery.
 30039 | Snake:1  | Noticed Cyerinn's ghost (adept TrBe)
 30043 | Snake:1  | Found a transporter.
 30132 | Snake:1  | Noticed Azrael
 30135 | Snake:1  | Found a bloodstained altar of Trog.
 30143 | Snake:1  | Killed Azrael
 30227 | Snake:1  | Reached skill level 10 in Armour
 30227 | Snake:1  | Reached XP level 18. HP: 192/192 MP: 17/17
 30235 | Snake:1  | Found a flickering gateway to a bazaar.
 30283 | Snake:1  | Found a transporter.
 30308 | Bazaar   | Entered a bazaar
 30322 | Bazaar   | Found Ompowiti's Magic Scroll Shoppe.
 30322 | Bazaar   | Found Nideceh's Assorted Antiques.
 30327 | Bazaar   | Bought a scroll of blinking for 67 gold pieces
 30344 | Bazaar   | Found Iruahaos's Antique Weapon Shoppe.
 30359 | Bazaar   | Found Maekhoak's Weapon Shoppe.
 30416 | Bazaar   | Bought a scroll of teleportation for 27 gold pieces
 30791 | Snake:2  | Reached skill level 25 in Fighting
 31233 | Snake:2  | Received a gift from Trog
 31365 | Snake:2  | Identified the +3 broad axe "Ditani" {elec, rCorr}
 31633 | Snake:2  | Reached skill level 26 in Fighting
 33743 | Snake:4  | Entered Level 4 of the Snake Pit
 34495 | Snake:4  | Received a gift from Trog
 34976 | Snake:4  | Reached skill level 27 in Fighting
 35557 | Snake:4  | Got a serpentine rune of Zot
 35927 | Vaults:1 | Entered Level 1 of the Vaults
 35933 | Vaults:1 | Reached XP level 19. HP: 180/207 MP: 18/18
 36230 | Vaults:1 | Reached skill level 10 in Dodging
 36573 | Vaults:1 | Found Guvaul's Antique Armour Shop.
 36582 | Vaults:1 | Bought shiny gold dragon scales for 2407 gold pieces
 36596 | Vaults:1 | Bought a bronze chain mail for 275 gold pieces
 36596 | Vaults:1 | Identified the +0 chain mail of Peek-a-Boo {rF++ Slay+3
                  | Stlth+} (You bought it in a shop on level 1 of the Vaults)
 36900 | Vaults:1 | Noticed Saint Roka
 36946 | Vaults:1 | Received a gift from Trog
 36968 | Vaults:1 | Killed Saint Roka
 37902 | Vaults:2 | Paralysed by a great orb of eyes for 5 turns
 37929 | Vaults:2 | Received a gift from Trog
 38368 | Vaults:2 | Noticed Frederick
 38377 | Vaults:2 | Killed Frederick
 38387 | Vaults:2 | Noticed Mara
 38402 | Vaults:2 | Reached XP level 20. HP: 160/208 MP: 19/19
 38876 | Vaults:2 | Noticed Mandevil's illusion
 39485 | Vaults:2 | Killed Mara
 40090 | Vaults:3 | Received a gift from Trog
 40126 | Vaults:3 | Reached skill level 15 in Armour
 40409 | Vaults:3 | Received a gift from Trog
 40553 | Vaults:3 | Noticed Xtahua
 40563 | Vaults:3 | Paralysed by Xtahua for 2 turns
 40575 | Vaults:3 | Killed Xtahua
 40812 | Vaults:3 | Found a staircase to the Crypt.
 41332 | Vaults:3 | Reached skill level 15 in Evocations
 42607 | Vaults:4 | Identified the +0 plate armour "Esecsem" {rC++ rN+}
 42895 | Vaults:4 | Identified the +0 chain mail of Caleptics {Slay+3}
 43618 | Vaults:4 | Received a gift from Trog
 43692 | Vaults:4 | Reached XP level 21. HP: 101/224 MP: 6/20
 43919 | Abyss:3  | Cast into level 3 of the Abyss (a wizard)
 44117 | Abyss:3  | Found a corrupted altar of Lugonu.
 44193 | Vaults:4 | Escaped the Abyss
 44591 | Crypt:1  | Entered Level 1 of the Crypt
 45975 | Crypt:2  | Received a gift from Trog
 46706 | Crypt:2  | Received a gift from Trog
 47582 | Crypt:2  | Found a basalt altar of Yredelemnul.
 47790 | Crypt:2  | Received a gift from Trog
 47904 | Crypt:3  | Entered Level 3 of the Crypt
 48275 | Crypt:3  | Reached skill level 15 in Dodging
 48578 | Crypt:3  | Found a staircase to the Tomb.
 48726 | Crypt:3  | Reached XP level 22. HP: 227/228 MP: 7/21
 48782 | Crypt:3  | Received a gift from Trog
 49142 | Crypt:3  | Found a basalt altar of Yredelemnul.
 49481 | Crypt:3  | Noticed a dread lich
 49488 | Crypt:3  | Killed a dread lich
 49618 | Crypt:3  | Identified the +8 chain mail "Jesaxank" {Harm rC+ Int+3}
 49636 | Crypt:3  | Identified the staff of fire "Goussut" {Fragile rF+ rC++
                  | Str+2 Int+3}
 51346 | Depths:1 | Entered Level 1 of the Depths
 51379 | Depths:1 | Found a flickering gateway to a bazaar.
 51390 | Bazaar   | Entered a bazaar
 51412 | Bazaar   | Found Febuoten's Book Shop.
 51426 | Bazaar   | Found Kemykk's Weapon Shop.
 51426 | Bazaar   | Found Loakha's Assorted Antiques.
 51456 | Bazaar   | Found Zoqixy's Distillery.
 51484 | Bazaar   | Bought a manual of Evocations for 1440 gold pieces
 51498 | Bazaar   | Bought a potion of heal wounds for 90 gold pieces
 51602 | Depths:1 | Received a gift from Trog
 52032 | Depths:1 | Found a gateway to Hell.
 52358 | Depths:1 | Found a stormy altar of Qazlal.
 52812 | Depths:2 | Found Onopymn's Jewellery Emporium.
 53074 | Depths:2 | Noticed Asterion
 53074 | Depths:2 | Noticed Vv
 53318 | Depths:1 | Killed Vv
 53379 | Depths:1 | Killed Asterion
 53711 | Depths:2 | Found a one-way gate leading to the halls of Pandemonium.
 53833 | Depths:2 | Found Numu Ate's Book Boutique.
 53886 | Depths:2 | Identified the +0 battleaxe of a Gauntlet {heavy, *Slow
                  | rPois Will+ Dex+6} (Trog gifted it to you on level 2 of the
                  | Depths)
 53886 | Depths:2 | Received a gift from Trog
 53901 | Depths:2 | Identified the +3 robe of Ibisil {rC+ Will- rCorr}
 53902 | Depths:2 | Noticed a juggernaut
 53924 | Depths:2 | Killed a juggernaut
 53935 | Depths:2 | Noticed a caustic shrike
 53936 | Depths:2 | Noticed a caustic shrike
 53945 | Depths:2 | Killed a caustic shrike
 53954 | Depths:2 | Killed a caustic shrike
 53955 | Depths:2 | Reached XP level 23. HP: 29/240 MP: 1/22
 53959 | Depths:2 | Noticed a caustic shrike
 53962 | Depths:2 | Noticed a caustic shrike
 53962 | Depths:2 | Killed a caustic shrike
 53965 | Depths:2 | Slain by a caustic shrike

Illustrated notes

Levels and vault maps discovered:
D:1:      amcnicky_arrival_double_pillar, layout_rooms, serial_forest,
          infiniplex_forest_zigzag_1, infiniplex_forest_lined_corner,
          infiniplex_forest_straight_2, infiniplex_forest_clump_tiny,
          infiniplex_forest_clump_tiny, infiniplex_forest_3_way,
          infiniplex_forest_clump_tiny, infiniplex_forest_clump_tiny
D:2:      layout_loops_ring, uniq_robin
D:3:      layout_basic, amcnicky_mini_rare_corridor_liquid, uniq_pargi,
          uniq_jessica
D:4:      layout_cave_pods, nicolae_uskayaw_dance_hall, nrook_loot_triangle
D:5:      layout_loops_ring, minmay_temple_entry_mini_moons, serial_shops,
          nicolae_shop_waterfront
D:6:      layout_rooms
D:7:      layout_loops_ring, pdpol_temple_overflow_zin_treasury_gozag_greed,
          enter_bailey_7, grunt_potential, uniq_menkaure
D:8:      layout_loops_corners
D:9:      layout_roguey, grunt_temple_overflow_lords_of_destruction, minitemple,
          nicolae_ru_great_annihilating_truth, erik_lair_island,
          serial_corexii_hall, corexii_hall_statues_deadend,
          chequers_hall_statues_corner_a, introduction_to_nature_1, uniq_maggie
D:10:     layout_grid_maze, lemuel_doored_altar, orc_0_dummy
D:11:     layout_layer_cave, okawaru_trees_2
D:12:     minmay_thinvault, layout_stronghold, serial_shops,
          nicolae_stop_n_shop_1
D:13:     layout_roguey, david_vaults_2, minmay_misc_feat_chi
D:14:     layout_basic, small_statue_intersection, minivault_22
D:15:     gammafunk_depths_entry_grave, layout_irregular_city,
          minmay_misc_feat_encased
Lair:1:   layout_chaotic_city
Lair:2:   layout_loops_ring, swamp_mist, minmay_snake_entry_guardpost_small,
          nicolae_lair_lil_pond, grunt_megastairs_3
Lair:3:   layout_long_grid, grunt_megastairs_2
Lair:4:   dreamdust_isle_of_ice, layout_small_grid, slime_entry_1,
          portal_ice_cave_entry_pillars_2
Lair:5:   hellmonk_lair_end_abyssal_woods, layout_hall_layers, st_stairs_7
Swamp:1:  layout_falls_marsh, evilmike_swamp_ruin_house_3, swamp_pool5,
          uniq_louise, uniq_josephine
Swamp:2:  layout_basic_swamp, evilmike_swamp_ruin_house_2, swamp_pool3
Swamp:3:  layout_falls_marsh, evilmike_swamp_ruin_rubble_2, uniq_roxanne
Swamp:4:  swamp_alternative, layout_basic_swamp, ebering_ghost_inner_flame,
          uniq_mlioglotl
Snake:1:  layout_gridlike, gammafunk_ghost_wrathful_warriors, serial_shops,
          bzr_entry_water, nicolae_shop_peninsula, special_room,
          lemuel_fruit_tree, uniq_donald, uniq_azrael
Snake:2:  layout_cave_shapes, serial_bayou_shore_a
Snake:3:  layout_layer_cave
Snake:4:  minmay_snake_end_coiled, layout_rooms
Orc:1:    cheibrodos_orc_bank, layout_diamond_mine, serial_shops, shop, shop,
          basic_altar, kennysheep_orc_chapel
Orc:2:    grunt_orc_tribal_feast, layout_caves
Vaults:1: nicolae_vaults_crenellated_ambush, grunt_vaults_hallway_short,
          nicolae_vaults_diagonal_hallway_8, nicolae_vaults_circle_grid_a,
          v_misc_19, hangedman_vaults_cutoff, ontoclasm_vaults_twist,
          vaults_room_hallway, nicolae_vaults_tetromino_Z_2,
          grunt_vaults_hallway_short, ontoclasm_vaults_tryst, v_misc_9,
          nicolae_vaults_arrows, nicolae_vaults_surprise_closet,
          layout_vaults_maze_snakey, serial_shops, shop, uniq_saint_roka
Vaults:2: v_misc_30, nicolae_vaults_network_quincunx
          [nicolae_vaults_network_quincunx_subvault,
          nicolae_vaults_network_quincunx_subvault,
          nicolae_vaults_network_quincunx_subvault,
          nicolae_vaults_network_quincunx_subvault,
          nicolae_vaults_network_quincunx_subvault],
          nicolae_vaults_trapezoid_lopsided_1, v_pattern_4, vaults_room_pool,
          grunt_vaults_hallway_short, nicolae_vaults_border_crossing,
          vaults_mumra_chevron, ontoclasm_vaults_shuriken,
          layout_vaults_omnigrid, uniq_mara, uniq_frederick
Vaults:3: nicolae_vaults_more_shelving_2, hangedman_vaults_hat,
          nicolae_vaults_network_star, nicolae_vaults_surprise_closet,
          blue_anna_dwarven_crypt, nicolae_vaults_tetromino_T_2,
          ontoclasm_vaults_eye, nicolae_vaults_network_s, st_lattice,
          vaults_room_stairs_pillars, nicolae_vaults_circle_grid_b,
          layout_vaults_omnicross, serial_shops, uniq_xtahua
Vaults:4: nicolae_vaults_doubleplus_tesselated, v_misc_1,
          nicolae_vaults_network_barrier, v_misc_12,
          nicolae_vaults_ring_of_whatevers, hangedman_vaults_pinch,
          nicolae_vaults_alarming, nicolae_vaults_trapezoid_lopsided_1,
          ontoclasm_vaults_idyll, ontoclasm_vaults_decontamination,
          nicolae_vaults_tetromino_T_2, special_room_vaults [special_room_orc],
          layout_vaults_ring
Crypt:1:  layout_regular_city, grunt_crypt_arrival_split
Crypt:2:  lemuel_vampire_tower, layout_regular_city, st_stairs_7,
          grunt_ministairs_7, evilmike_ambush [evilmike_ambush_outer_corners,
          evilmike_ambush_inner_basic]
Crypt:3:  church_of_pain_bobbens, layout_chaotic_city
Depths:1: layout_gridville, grunt_mini_vestibule, minmay_hedge_maze,
          serial_shops, freezing_bzr, minmay_misc_feat_roman,
          grunt_qazlal_sundering, infiniplex_staircase_pool_lava
Depths:2: grunt_arcs, layout_gridlike, hell_entry, grunt_pan_entry_spiral,
          serial_shops, nicolae_shop_gaudy_bauble, kennysheep_mini,
          minivault_10, grunt_gozag_statues, uniq_asterion, uniq_vv, uniq_aizul

Skill      XL: |  1  2  3  4  5  6  7  8  9 10 11 12 13 14 15 16 17 18 19 20 21 22 |
---------------+-------------------------------------------------------------------+-----
Fighting       | 4 5 6 7 8 10 12 14 16 18 20 21 24 27 | 27.0
Axes           | 4 5 6 7 8 10 12 14 16 18 20 21 24 | 24.0
Armour         | 8 9 10 11 14 15 17 19 | 19.2
Evocations     | 6 10 12 13 15 17 | 17.9
Dodging        | 9 12 14 15 17 | 17.2

Action                     |  1- 3 |  4- 6 |  7- 9 | 10-12 | 13-15 | 16-18 | 19-21 | 22-24 || total
---------------------------+-------+-------+-------+-------+-------+-------+-------+-------++-------
  Melee: Hand axe          |    12 |       |       |       |       |       |       |       ||    12
         War axe           |    65 |   124 |   130 |   285 |    41 |       |       |       ||   645
         Headbutt          |     8 |    15 |    23 |   108 |   239 |   251 |   467 |   174 ||  1285
         Punch             |     1 |       |     1 |     6 |       |       |       |       ||     8
         Battleaxe         |       |       |       |   150 |   952 |   839 |   736 |    31 ||  2708
         Broad axe         |       |       |       |       |    10 |       |       |       ||    10
         Executioner's axe |       |       |       |       |       |       |   689 |   518 ||  1207
  Throw: Stone             |       |       |       |     2 |     2 |       |       |       ||     4
         Dart              |       |       |       |     6 |       |       |       |       ||     6
 Invoke: Berserk           |       |       |     2 |     3 |     3 |     1 |     1 |     1 ||    11
         Trog's Hand       |       |       |       |     2 |     3 |     7 |     9 |     4 ||    25
         Brothers in Arms  |       |       |       |       |     1 |     2 |     6 |     2 ||    11
  Evoke: Wand              |       |       |       |    19 |     2 |     8 |     3 |       ||    32
    Use: Scroll            |       |     4 |    17 |    12 |     8 |     5 |     8 |     2 ||    56
         Potion            |       |       |     1 |     1 |     1 |     4 |       |     1 ||     8
   Stab: Sleeping          |       |     3 |       |     2 |       |       |       |       ||     5
         Invisible         |       |       |     8 |       |       |       |     2 |       ||    10
         Petrified         |       |       |       |       |     2 |       |       |       ||     2
         Distracted        |       |       |       |       |     1 |       |       |     1 ||     2
 Armour: Animal skin       |     4 |       |       |       |       |       |       |       ||     4
         Leather armour    |    17 |    24 |       |       |       |       |       |       ||    41
         Ring mail         |       |     6 |    91 |    73 |       |       |       |       ||   170
         Acid dragon scale |       |       |       |   130 |    47 |       |       |       ||   177
         Steam dragon scal |       |       |       |    11 |       |       |       |       ||    11
         Scale mail        |       |       |       |       |   517 |   162 |    71 |       ||   750
         Swamp dragon scal |       |       |       |       |       |   239 |       |       ||   239
         Gold dragon scale |       |       |       |       |       |       |   677 |   229 ||   906
         Plate armour      |       |       |       |       |       |       |   272 |   126 ||   398
  Dodge: Dodged            |    45 |    65 |   138 |   224 |   520 |   584 |   758 |   251 ||  2585
